Map: Oxide LE

Players

Cham

  • Race: Zerg Zerg

JimRising - Winner!

  • Race: Zerg Zerg

Event: DreamHack SC2 Masters 2021 Fall

VOD

Have the link to the VOD?

Description

Time

  • Played on: July 28, 2021, 4:28 p.m.
  • Length: 9:52

All games in this series

Show
View Real Time Build Order
Export as new Build Order

Cham Zerg 

Build Orders: Hatch First 

Get SALT Encoding   

  12  0:00  Drone  
  13  0:08  Drone  
  14  0:17  Overlord  
  14  0:35  Drone x2  
  16  0:46  Hatchery  
  15  0:51  Drone  
  15  0:55  Drone  
  17  1:09  Spawning Pool  
  16  1:11  Drone  
  16  1:13  Extractor  
  16  1:17  Drone  
  17  1:19  Drone  
  18  1:32  Drone  
  19  1:43  Drone  
  20  1:52  Drone  
  21  1:57  Queen  
  21  1:58  Queen  
  21  1:59  Zergling x2  
  21  2:01  Overlord  
  26  2:09  Drone  
  26  2:12  Drone  
  28  2:18  Metabolic Boost  
  28  2:21  Drone  
  29  2:24  Drone  
  30  2:36  Hatchery  
  29  2:42  Overlord  
  29  2:46  Drone x2  
  30  2:53  Drone  
  30  2:54  Drone  
  32  3:01  Overlord  
  32  3:03  Drone  
  33  3:06  Drone  
  33  3:07  Drone x3  
  37  3:14  Zergling x2  
  37  3:15  Zergling x4  
  37  3:19  Zergling x4  
  42  3:24  Evolution Chamber  
  41  3:28  Drone  
  41  3:32  Drone  
  43  3:36  Lair  
  43  3:37  Roach Warren  
  43  3:39  Drone x2  
  43  3:41  Drone  
  45  3:45  Drone x2  
  47  3:52  Zerg Missile Weapons Level 1  
  47  3:54  Extractor, Drone x2  
  48  3:55  Extractor  
  48  3:56  Drone  
  48  4:00  Drone  
  48  4:01  Drone x2  
  51  4:06  Overlord  
  51  4:07  Drone  
  51  4:08  Drone  
  51  4:10  Drone  
  51  4:14  Queen  
  54  4:19  Overlord  
  54  4:23  Roach x2  
  58  4:26  Overlord  
  58  4:29  Roach  
  60  4:31  Roach  
  60  4:33  Roach  
  64  4:39  Roach x2  
  64  4:42  Roach  
  64  4:43  Roach  
  72  4:46  Roach  
  72  4:49  Overseer  
  72  4:50  Overlord  
  74  4:53  Roach  
  74  4:55  Roach  
  74  4:56  Overlord  
  78  5:00  Drone  
  78  5:01  Drone x2  
  78  5:03  Drone  
  78  5:04  Overlord  
  78  5:06  Overseer  
  82  5:12  Overlord  
  82  5:14  Roach x3  
  88  5:20  Roach x2  
  88  5:21  Roach  
  94  5:24  Overlord  
  94  5:27  Glial Reconstitution  
  94  5:31  Drone  
  94  5:32  Roach x2  
  98  5:36  Roach x2  
  98  5:39  Roach  
  98  5:41  Overlord  
  104  5:44  Roach x2  
  104  5:47  Extractor  
  107  5:50  Drone  
  107  5:52  Drone x2  
  107  5:53  Overlord  
  107  5:55  Roach x2  
  112  5:58  Roach  
  112  6:00  Roach  
  112  6:02  Roach  
  112  6:03  Roach  
  120  6:07  Drone x3  
  120  6:08  Drone  
  124  6:13  Overlord  
  124  6:14  Roach  
  124  6:18  Roach x2  
  130  6:22  Overlord  
  130  6:23  Roach  
  130  6:24  Roach  
  134  6:28  Zerg Missile Weapons Level 2  
  134  6:30  Drone x3  
  137  6:33  Extractor, Drone  
  137  6:34  Roach  
  137  6:37  Roach  
  137  6:39  Drone x2  
  143  6:40  Roach  
  143  6:42  Roach  
  143  6:44  Roach  
  143  6:45  Overseer  
  149  6:48  Roach x2  
  153  6:56  Overlord  
  153  6:57  Overlord  
  153  7:01  Overlord x3  
  153  7:13  Roach x3  
  149  7:15  Roach  
  149  7:17  Roach  
  149  7:20  Roach x6  
  141  7:26  Roach  
  141  7:29  Roach x2  
  135  7:30  Roach  
  135  7:33  Roach x2  
  131  7:37  Roach x4  
  131  7:38  Roach  
  127  7:47  Roach x3  
  125  7:53  Burrow, Tunneling Claws  
  125  7:56  Drone x2  
  125  7:57  Extractor, Drone  
  125  7:58  Roach  
  129  7:59  Roach x3  
  137  8:05  Roach  
  137  8:09  Roach x4  
  137  8:11  Roach  
  147  8:13  Roach  
  149  8:20  Roach  
  149  8:23  Roach  
  149  8:24  Roach  
  149  8:25  Roach x2  
  143  8:30  Roach  
  143  8:31  Roach x2  
  129  8:35  Roach x3  
  129  8:39  Roach x4  
  141  8:46  Roach  
  143  8:51  Roach x3  
  143  8:52  Roach  
  151  9:00  Roach x2  
  155  9:03  Roach  
  149  9:10  Roach x2  
  149  9:13  Roach  
  149  9:14  Roach x2  
  141  9:18  Roach  
  141  9:19  Roach x2  
  141  9:22  Roach x2  
  141  9:23  Roach x3  
  143  9:28  Roach  
  143  9:30  Roach  
  123  9:32  Roach  
Show
View Real Time Build Order
Export as new Build Order

JimRising Zerg - Winner!

Build Orders: Hatch First 

Get SALT Encoding   

  12  0:00  Drone  
  13  0:13  Overlord  
  13  0:17  Drone  
  14  0:32  Drone x2  
  16  0:48  Hatchery  
  15  0:51  Drone  
  15  0:55  Drone  
  17  0:59  Drone  
  17  1:02  Extractor  
  17  1:16  Spawning Pool  
  16  1:18  Drone  
  16  1:21  Drone  
  18  1:28  Drone  
  20  1:40  Drone  
  20  1:49  Overlord  
  20  2:01  Drone x2  
  20  2:03  Queen x2  
  26  2:12  Drone  
  26  2:14  Drone  
  28  2:23  Zergling x2  
  28  2:24  Drone  
  30  2:34  Drone x2  
  32  2:39  Queen  
  34  2:44  Overlord  
  34  2:45  Overlord  
  34  2:54  Drone  
  34  2:56  Roach Warren  
  34  2:57  Drone  
  35  3:06  Drone x2  
  35  3:12  Drone x5  
  42  3:14  Drone  
  42  3:17  Drone  
  44  3:21  Evolution Chamber  
  44  3:22  Drone  
  44  3:26  Evolution Chamber  
  43  3:28  Lair  
  43  3:33  Drone x2  
  45  3:43  Extractor  
  45  3:45  Extractor  
  45  3:47  Drone  
  45  3:48  Drone x3, Zerg Missile Weapons Level 1  
  46  3:49  Drone x2  
  46  3:50  Drone  
  51  3:55  Drone x3  
  52  4:03  Overlord  
  52  4:07  Overlord  
  52  4:10  Evolution Chamber  
  52  4:13  Overlord  
  52  4:20  Overlord  
  52  4:23  Roach x2  
  52  4:24  Roach x2  
  60  4:25  Glial Reconstitution  
  60  4:28  Roach x2  
  64  4:35  Roach x2  
  68  4:45  Hatchery  
  67  4:51  Drone  
  67  4:52  Extractor  
  67  4:53  Drone  
  67  4:54  Drone x2, Overlord  
  67  4:55  Roach x3  
  76  5:00  Roach  
  76  5:04  Roach  
  80  5:10  Overlord  
  80  5:23  Roach x3  
  80  5:24  Overlord x2, Roach x3  
  92  5:30  Zerg Ground Armor Level 1  
  92  5:36  Roach x2  
  92  5:40  Roach  
  92  5:42  Zerg Missile Weapons Level 2  
  98  5:45  Overlord  
  98  5:50  Roach x3  
  104  5:58  Drone x3  
  104  5:59  Drone x2  
  104  6:04  Drone x2  
  111  6:08  Drone  
  112  6:13  Roach  
  112  6:16  Overlord  
  112  6:18  Roach x3  
  120  6:20  Overlord  
  120  6:24  Overlord  
  120  6:26  Extractor  
  120  6:28  Roach  
  125  6:32  Roach  
  125  6:33  Roach x3  
  125  6:35  Drone x2  
  125  6:36  Drone  
  125  6:39  Drone  
  133  6:41  Overseer  
  133  6:45  Roach  
  135  6:50  Roach x4  
  143  6:59  Overseer  
  143  7:04  Roach x2  
  143  7:05  Roach  
  143  7:06  Hatchery  
  143  7:07  Roach x2  
  152  7:10  Roach  
  152  7:15  Roach x3  
  144  7:18  Roach x2  
  144  7:20  Roach  
  128  7:22  Roach  
  128  7:25  Roach x2  
  128  7:27  Roach  
  118  7:31  Roach x2  
  118  7:36  Roach  
  118  7:37  Roach x2  
  114  7:38  Roach  
  114  7:40  Roach  
  114  7:42  Roach  
  114  7:43  Roach  
  110  7:45  Roach  
  112  7:52  Roach x4  
  112  7:55  Ravager  
  112  7:58  Roach  
  123  8:02  Roach  
  123  8:03  Roach x3  
  131  8:08  Extractor, Roach x2  
  131  8:11  Roach  
  131  8:12  Roach x2  
  140  8:14  Roach  
  140  8:15  Roach  
  144  8:21  Roach x2  
  130  8:29  Roach x3  
  130  8:31  Roach x2  
  130  8:33  Roach x2  
  130  8:34  Roach  
  138  8:37  Roach x2  
  138  8:39  Roach  
  146  8:41  Drone x2  
  146  8:43  Drone  
  146  8:46  Roach  
  149  8:49  Roach x2  
  149  8:53  Roach x2  
  149  8:54  Overlord  
  157  9:00  Roach  
  159  9:04  Overlord  
  159  9:05  Overlord x2  
  159  9:15  Roach x4  
  149  9:18  Roach x3  
  149  9:19  Roach  
  149  9:21  Roach  
  155  9:28  Roach x3  
  147  9:32  Roach x2  

Tags
 
Add a new tag
Caveats
  • Supply blocks, unpowered buildings, or Contaminate may cause inaccurate times.
  • Supply counts are checked every 10 seconds.